Map: Eternal Empire LE

Players

soO - Winner!

  • Race: Zerg Zerg
  • Spawn Location: 7:00

DPGCure (Cure)

  • Race: Terran Terran
  • Spawn Location: 1:00

Event: StayAtHomestory Cup #1

VOD

Have the link to the VOD?

Description

Time

  • Played on: April 11, 2020, 11 a.m.
  • Length: 21:55

All games in this series

Show
View Real Time Build Order
Export as new Build Order

soO Zerg - Winner!

Build Orders: Hatch First, Muta Ling Bane 

Get SALT Encoding   

  12  0:00  Drone  
  13  0:12  Overlord  
  13  0:16  Drone  
  14  0:30  Drone x2  
  16  0:47  Hatchery  
  15  0:51  Drone  
  15  0:54  Drone  
  17  0:58  Drone  
  18  1:07  Extractor  
  17  1:13  Spawning Pool  
  17  1:16  Drone  
  17  1:20  Drone  
  18  1:28  Drone  
  19  1:38  Drone  
  20  1:49  Overlord  
  20  2:00  Zergling x4, Queen x2  
  26  2:10  Drone  
  26  2:11  Drone  
  28  2:19  Metabolic Boost  
  28  2:21  Drone x2  
  30  2:36  Hatchery  
  28  2:43  Queen  
  30  2:46  Drone  
  30  2:47  Drone  
  32  2:51  Overlord  
  32  2:55  Drone  
  32  2:58  Drone  
  34  3:00  Drone  
  35  3:11  Drone x2  
  37  3:13  Drone x2  
  37  3:16  Drone  
  37  3:19  Queen  
  42  3:21  Overlord  
  42  3:23  Drone  
  43  3:33  Overlord  
  43  3:42  Drone x4  
  43  3:43  Drone x2  
  49  3:49  Overlord, Queen  
  49  3:54  Drone x2  
  49  3:55  Drone  
  54  3:56  Queen  
  54  4:00  Drone  
  54  4:02  Extractor  
  56  4:03  Drone  
  56  4:06  Zergling x6  
  60  4:15  Drone  
  60  4:16  Drone x3  
  64  4:17  Drone  
  64  4:20  Evolution Chamber  
  64  4:21  Evolution Chamber, Drone  
  64  4:22  Drone  
  65  4:24  Drone  
  65  4:29  Overlord  
  65  4:31  Overlord  
  66  4:32  Overlord  
  66  4:34  Overlord  
  66  4:42  Overlord  
  66  4:47  Queen, Zerg Ground Armor Level 1  
  66  4:48  Zerg Melee Weapons Level 1  
  66  4:52  Zergling x6  
  71  4:54  Drone x2  
  71  4:55  Drone  
  73  5:00  Zergling x6, Spore Crawler  
  73  5:05  Drone x2  
  77  5:10  Lair  
  77  5:16  Overlord  
  77  5:18  Drone x7  
  84  5:22  Extractor  
  84  5:23  Extractor  
  84  5:25  Overlord, Baneling Nest  
  84  5:27  Drone  
  82  5:32  Drone  
  83  5:41  Drone x2  
  83  5:42  Drone x4  
  78  5:45  Drone  
  78  5:46  Drone  
  78  5:47  Drone  
  78  5:48  Drone  
  70  5:50  Drone  
  70  5:53  Drone  
  71  5:59  Drone x3  
  71  6:01  Drone  
  71  6:02  Drone  
  76  6:10  Centrifical Hooks, Drone  
  77  6:13  Zergling x4  
  77  6:15  Hatchery  
  78  6:22  Drone  
  78  6:23  Drone x2  
  78  6:25  Extractor  
  80  6:26  Extractor  
  80  6:29  Spire  
  80  6:30  Drone x4  
  80  6:32  Drone  
  83  6:37  Zergling x12  
  89  6:48  Zergling x6  
  89  6:51  Zerg Ground Armor Level 2, Zerg Melee Weapons Level 2  
  91  6:54  Zergling x6  
  91  6:59  Zergling x12  
  95  7:08  Queen  
  88  7:11  Zergling x10  
  94  7:18  Drone  
  94  7:21  Drone x2  
  94  7:22  Drone x2  
  97  7:23  Queen  
  99  7:32  Drone x3  
  99  7:33  Baneling x2  
  99  7:34  Baneling x2  
  102  7:39  Baneling x2  
  102  7:40  Baneling x7  
  102  7:47  Hatchery, Mutalisk  
  102  7:48  Mutalisk x5  
  102  7:49  Zergling x6  
  102  7:50  Zergling x2  
  115  7:56  Zergling x10  
  109  8:03  Zergling x6  
  111  8:07  Zergling x8  
  111  8:12  Zergling x2  
  112  8:15  Baneling x16  
  112  8:18  Mutalisk  
  112  8:20  Zergling x8  
  115  8:30  Zergling x8  
  119  8:35  Zergling x6  
  119  8:39  Overlord  
  115  8:44  Overlord  
  115  8:45  Zergling x2  
  115  8:46  Zergling x4  
  115  8:47  Hatchery  
  105  8:51  Zergling x2  
  105  8:52  Baneling x10  
  106  8:55  Zerg Flyer Weapons Level 1  
  106  8:57  Mutalisk x2  
  110  9:07  Mutalisk x3  
  114  9:11  Drone x5  
  119  9:17  Mutalisk  
  119  9:23  Hatchery  
  118  9:25  Mutalisk x2  
  118  9:28  Zergling x6  
  125  9:36  Mutalisk  
  125  9:37  Mutalisk  
  127  9:39  Zergling x2  
  127  9:45  Zergling x6  
  131  9:47  Mutalisk  
  133  9:54  Zergling x4  
  133  9:55  Baneling  
  133  9:56  Baneling x5  
  133  9:57  Zergling x2  
  136  10:01  Mutalisk  
  136  10:03  Drone  
  136  10:06  Zergling x2  
  142  10:10  Zergling x2  
  117  10:22  Mutalisk  
  117  10:23  Mutalisk x3  
  117  10:24  Zergling x16  
  133  10:30  Baneling x4  
  133  10:33  Zergling x4  
  132  10:40  Zergling x24  
  144  10:45  Overlord  
  144  10:48  Overlord  
  144  10:51  Baneling x3  
  144  10:52  Baneling x4  
  144  10:55  Overlord  
  144  10:59  Overlord x2  
  144  11:00  Zerg Flyer Weapons Level 2  
  144  11:04  Hatchery  
  144  11:05  Mutalisk  
  144  11:06  Mutalisk  
  144  11:07  Zergling x2  
  144  11:08  Zergling x20  
  144  11:09  Queen  
  160  11:11  Baneling x4  
  160  11:17  Zergling x6  
  163  11:23  Drone x2  
  164  11:30  Baneling  
  164  11:31  Zergling x6, Baneling x5  
  167  11:34  Hatchery  
  167  11:37  Baneling x9  
  160  11:50  Zergling x24, Overseer  
  172  11:55  Baneling x6  
  161  12:03  Mutalisk x3  
  156  12:08  Zergling x4  
  156  12:09  Zergling x6  
  156  12:13  Zergling x14  
  166  12:17  Drone x4  
  170  12:30  Zergling x10  
  170  12:33  Pneumatized Carapace  
  174  12:42  Hatchery  
  174  12:43  Overseer  
  174  12:44  Overseer  
  173  12:47  Zergling x18  
  173  12:48  Overlord  
  173  12:49  Overlord  
  173  12:50  Overlord  
  182  12:55  Overlord x2  
  182  12:56  Overseer  
  182  12:58  Extractor  
  181  13:00  Infestation Pit  
  180  13:07  Drone x3  
  180  13:10  Zergling x28  
  196  13:17  Drone x2  
  196  13:19  Overseer  
  198  13:20  Overseer  
  198  13:23  Baneling x2  
  198  13:24  Baneling x10  
  197  13:28  Unknown, Baneling x3  
  197  13:29  Zergling x6  
  197  13:31  Baneling x9  
  199  13:36  Overlord  
  199  13:38  Hive  
  196  13:41  Zergling x4  
  196  13:42  Overlord  
  196  13:44  Drone x2  
  198  13:55  Drone x2  
  195  14:10  Zergling x10  
  195  14:14  Baneling x14  
  195  14:16  Baneling x12  
  200  14:21  Hatchery  
  163  14:25  Zergling x26  
  163  14:26  Zergling x14  
  163  14:29  Zergling x8  
  147  14:39  Mutalisk x4  
  147  14:45  Zergling x6  
  147  14:50  Zerg Flyer Armor Level 1, Mutalisk  
  147  14:51  Mutalisk  
  151  14:58  Drone x3  
  151  14:59  Zergling x14  
  157  15:03  Baneling x5  
  157  15:04  Baneling x7  
  157  15:10  Overseer  
  157  15:11  Zerg Ground Armor Level 3  
  157  15:13  Zergling x14  
  164  15:19  Hatchery  
  164  15:20  Zergling x2  
  164  15:21  Zergling x8  
  168  15:26  Baneling x12  
  168  15:27  Zergling x2  
  169  15:34  Drone x3  
  172  15:36  Drone x2  
  174  15:43  Zerg Melee Weapons Level 3, Adrenal Glands  
  174  15:46  Zergling x6  
  176  15:50  Baneling x2  
  176  15:53  Zergling x10  
  181  16:01  Zergling x12  
  188  16:08  Ultralisk Cavern  
  187  16:15  Hatchery  
  184  16:19  Overseer  
  184  16:24  Baneling x2  
  184  16:25  Hatchery, Baneling  
  179  16:32  Zergling x2, Drone  
  181  16:33  Zergling x4  
  183  16:44  Zerg Flyer Weapons Level 3  
  183  16:49  Queen x2  
  183  16:50  Baneling  
  183  16:51  Baneling x8  
  183  16:52  Zergling x24  
  199  17:03  Zergling x4  
  199  17:06  Chitinous Plating  
  199  17:08  Baneling  
  199  17:09  Baneling x9  
  189  17:19  Zergling x28  
  189  17:20  Zergling x4  
  148  17:31  Zergling x14  
  148  17:36  Mutalisk x2  
  147  17:41  Overseer x2  
  140  17:47  Hatchery, Mutalisk x4  
  145  18:02  Baneling x14  
  144  18:17  Zergling x28  
  144  18:19  Baneling x10  
  158  18:24  Zergling x8  
  158  18:45  Mutalisk x6  
  158  18:46  Hatchery  
  169  18:51  Zergling x10  
  174  19:00  Zergling x14  
  179  19:06  Mutalisk x2  
  179  19:07  Mutalisk  
  185  19:12  Zergling x8  
  189  19:19  Drone x2  
  190  19:27  Zergling x18  
  199  19:36  Baneling x6  
  195  19:44  Baneling x9  
  195  19:57  Zergling x6  
  195  19:58  Zergling x4  
  195  19:59  Baneling x2  
  200  20:02  Baneling  
  200  20:03  Baneling x7  
  171  20:24  Zergling x36  
  171  20:25  Zergling x12  
  193  20:32  Zergling x2  
  193  20:33  Zergling x2  
  193  20:34  Zergling x8  
  188  20:49  Zergling x18  
  194  20:56  Zergling x6  
  189  20:58  Zergling x4  
  176  21:07  Zergling x6  
  174  21:13  Zergling x2  
  174  21:14  Zergling x12  
  172  21:19  Zergling x4  
  172  21:20  Zergling x2  
  172  21:22  Zergling x6  
  172  21:23  Hatchery  
  159  21:34  Zergling x2  
  159  21:35  Zergling x10  
Show
View Real Time Build Order
Export as new Build Order

DPGCure Terran 

Build Orders: Liberator Opening, Reaper Expand 

Get SALT Encoding   

  12  0:00  SCV  
  13  0:12  SCV  
  14  0:16  Supply Depot  
  14  0:24  SCV  
  15  0:38  SCV  
  15  0:39  Barracks  
  16  0:43  Refinery  
  16  0:50  SCV  
  17  1:02  SCV  
  18  1:14  SCV  
  19  1:26  Reaper, Orbital Command  
  20  1:39  Command Center  
  20  1:47  Supply Depot  
  20  1:52  SCV  
  21  1:58  Marine  
  22  2:04  SCV  
  23  2:11  Factory  
  23  2:16  SCV  
  23  2:20  Barracks Reactor  
  24  2:28  SCV  
  25  2:40  SCV  
  26  2:46  Command Center  
  26  2:53  SCV, Orbital Command  
  27  3:00  Starport  
  27  3:05  SCV  
  28  3:12  Hellion x2  
  32  3:18  Refinery  
  32  3:19  SCV x2  
  34  3:22  Barracks Tech Lab  
  34  3:31  SCV x2  
  36  3:36  Viking  
  42  3:41  Hellion x2  
  42  3:43  SCV x2  
  42  3:47  Marine  
  45  3:55  SCV  
  45  3:57  SCV, Orbital Command  
  47  4:06  Supply Depot, Liberator  
  47  4:07  Hellion  
  47  4:09  Hellion  
  54  4:12  SCV x2  
  54  4:15  Marine  
  58  4:24  SCV  
  58  4:29  Orbital Command  
  58  4:30  SCV  
  59  4:32  Hellion x2  
  59  4:34  Supply Depot  
  59  4:36  SCV  
  59  4:38  Stimpack, Marine  
  65  4:42  SCV  
  66  4:47  Refinery  
  66  4:48  SCV  
  66  4:50  Starport Reactor  
  67  4:54  SCV  
  67  4:55  Marine  
  69  5:00  SCV, Barracks  
  69  5:02  Refinery, Barracks  
  69  5:03  Factory Reactor, Engineering Bay  
  69  5:06  Engineering Bay  
  70  5:10  SCV x2  
  70  5:12  SCV  
  70  5:13  Marine  
  74  5:22  SCV x2  
  74  5:24  SCV  
  77  5:31  Terran Infantry Weapons Level 1  
  77  5:33  Supply Depot  
  77  5:34  Supply Depot  
  77  5:38  Marine  
  75  5:44  SCV  
  75  5:45  SCV  
  65  5:51  Marine  
  65  5:53  Medivac x2  
  65  5:55  SCV  
  65  5:56  Marine  
  65  5:57  SCV x2, Marine  
  69  5:58  Supply Depot, Marine x2  
  69  5:59  Factory Tech Lab  
  72  6:06  Terran Infantry Armor Level 1  
  72  6:07  SCV  
  72  6:09  SCV x2, Marine  
  76  6:14  Marine  
  76  6:15  Marine  
  76  6:16  Marine x2  
  76  6:18  Siege Tank  
  83  6:20  Barracks  
  83  6:22  Barracks  
  83  6:23  Combat Shield  
  83  6:24  SCV  
  83  6:25  SCV  
  85  6:27  Marine  
  85  6:30  SCV  
  87  6:33  Marine x2  
  87  6:34  Marine x2  
  87  6:36  Supply Depot  
  87  6:37  Medivac x2  
  95  6:42  SCV  
  95  6:43  SCV x2  
  95  6:45  Marine  
  99  6:49  Refinery x2  
  99  6:50  Supply Depot  
  99  6:53  Armory  
  99  6:59  Marine x4  
  103  7:01  Siege Tank  
  103  7:02  Marine  
  103  7:04  SCV x2  
  109  7:12  SCV, Supply Depot  
  109  7:13  Supply Depot  
  109  7:15  Supply Depot  
  109  7:16  Marine x2  
  109  7:18  Barracks Reactor  
  109  7:19  Barracks Reactor, Marine x2  
  109  7:20  Marine  
  107  7:30  Supply Depot  
  107  7:31  Supply Depot  
  107  7:33  Siege Tank  
  107  7:34  Marine x2  
  107  7:35  SCV x3  
  115  7:37  Marine x2  
  115  7:38  Marine  
  115  7:43  Terran Infantry Weapons Level 2  
  118  7:52  Marine x2  
  118  7:55  Marine x2  
  118  7:56  Marine  
  118  7:57  SCV x3, Marine x2  
  118  7:58  Marine x2  
  126  8:10  Marine x2  
  120  8:13  Marine x2  
  120  8:14  Marine  
  120  8:15  Marine x2  
  120  8:18  SCV  
  120  8:19  SCV x2, Marine x2  
  128  8:26  Siege Tank  
  131  8:27  Terran Infantry Armor Level 2  
  131  8:28  Marine x2  
  131  8:31  Command Center  
  133  8:35  Supply Depot  
  133  8:36  Supply Depot  
  133  8:37  Supply Depot  
  133  8:39  SCV x2  
  133  8:40  SCV  
  128  8:45  Marine x8  
  122  8:53  Marine  
  120  8:59  SCV x3, Missile Turret  
  120  9:02  Marine x3  
  120  9:07  Medivac x2  
  125  9:14  Drilling Claws, Factory  
  125  9:15  Thor  
  131  9:17  Missile Turret  
  131  9:29  SCV  
  131  9:30  SCV x2  
  134  9:36  Marine x7  
  134  9:37  Marauder, Marine  
  143  9:41  Medivac x2  
  143  9:44  Terran Vehicle And Ship Armor Level 1  
  147  9:46  Missile Turret  
  147  9:49  SCV x2  
  147  9:50  SCV  
  150  9:54  Marine  
  150  9:57  Marine x6  
  157  10:00  Thor  
  157  10:01  Factory Reactor  
  157  10:04  Terran Infantry Weapons Level 3  
  157  10:06  SCV x3  
  166  10:08  Missile Turret x2  
  157  10:18  Marauder, Marine x6  
  143  10:21  Medivac x2  
  143  10:24  SCV x2  
  143  10:25  SCV  
  143  10:26  Planetary Fortress  
  150  10:40  Marauder  
  144  10:45  Barracks x2  
  144  10:46  Barracks  
  144  10:49  Terran Infantry Armor Level 3  
  144  10:50  Widow Mine x2  
  144  10:51  Widow Mine  
  150  11:00  Marine x6  
  150  11:01  Marauder  
  150  11:03  Missile Turret  
  153  11:05  Medivac  
  153  11:06  Command Center  
  153  11:08  Sensor Tower  
  155  11:14  Widow Mine x2, Thor  
  164  11:21  Marine x4  
  164  11:23  Marauder  
  169  11:29  Marine x4  
  172  11:34  Supply Depot x2, Barracks Tech Lab x2  
  172  11:35  Supply Depot, Barracks Tech Lab  
  171  11:44  Medivac  
  171  11:46  Marauder  
  171  11:47  Medivac  
  172  11:55  Marine x2  
  172  11:56  Marauder x3, Marine x2  
  166  12:06  Thor  
  166  12:07  Marauder, Widow Mine x2  
  153  12:09  Marine x4  
  153  12:14  Medivac, Terran Vehicle And Ship Armor Level 2  
  145  12:17  Medivac, Marauder x3  
  145  12:20  SCV x4  
  157  12:25  Missile Turret  
  157  12:30  Marauder, Marine x4  
  157  12:33  SCV  
  157  12:34  SCV  
  157  12:35  SCV, Missile Turret  
  163  12:46  SCV x3  
  163  12:47  Neosteel Armor  
  163  12:48  Missile Turret x2, Marine x2  
  163  12:51  SCV  
  169  12:56  Concussive Shells  
  169  12:58  SCV  
  170  13:00  Missile Turret  
  170  13:02  Missile Turret  
  170  13:04  Widow Mine x3  
  176  13:07  SCV  
  176  13:08  Planetary Fortress  
  177  13:15  Marauder, Marine x4  
  177  13:16  Marauder  
  182  13:23  Medivac x2  
  182  13:24  Marauder  
  182  13:25  Marauder  
  182  13:26  Widow Mine x3, Hi-Sec Auto Tracking  
  194  13:34  Marine x4  
  194  13:37  Marauder  
  200  13:57  Refinery x2, Command Center x2  
  200  13:59  Starport  
  200  14:00  Marauder x2, Marine x4, Fusion Core  
  199  14:03  Marine, Ghost Academy  
  199  14:09  Marine x2  
  200  14:20  Marauder, Marine x3  
  174  14:24  Medivac x2, Widow Mine x3  
  174  14:25  Marauder x2, Marine x4  
  161  14:33  Marine x2  
  161  14:37  Marine x2  
  161  14:38  Marine  
  153  14:42  Marauder, Marine x3  
  153  14:43  Marauder  
  141  14:46  Marauder  
  141  14:47  Marauder  
  141  14:49  Starport Reactor  
  141  14:50  Advanced Ballistics  
  141  14:51  Marine x2, Nuke  
  139  14:54  Medivac x2  
  141  15:02  Marine x4  
  141  15:03  Marauder  
  141  15:04  Marauder, Marine  
  150  15:08  Marauder  
  150  15:13  Orbital Command  
  148  15:24  Widow Mine x2, Thor  
  148  15:25  Marine x4  
  148  15:26  Marauder x2  
  166  15:33  Marine x3  
  166  15:34  Marauder x2  
  173  15:45  Liberator  
  173  15:46  Widow Mine x2  
  180  15:50  Planetary Fortress, Missile Turret  
  180  15:53  Missile Turret, Liberator  
  182  16:01  Liberator x2  
  188  16:07  Widow Mine  
  190  16:13  Marine x6  
  190  16:14  Marauder x3  
  190  16:16  Widow Mine x2  
  196  16:22  Marauder, Marine x2  
  200  16:38  Liberator  
  198  16:42  Missile Turret x2, Sensor Tower  
  198  16:46  Marine x2  
  196  16:55  Liberator  
  196  16:58  Refinery  
  196  16:59  Terran Vehicle And Ship Armor Level 3  
  196  17:00  Command Center  
  197  17:02  Command Center  
  197  17:10  Marine x2  
  197  17:11  Marine  
  195  17:17  Widow Mine  
  195  17:18  Widow Mine x2  
  198  17:22  Marine x2  
  198  17:23  Marauder  
  198  17:25  Marine x2  
  198  17:26  Marauder, Marine x2  
  161  17:32  Medivac x3  
  139  17:39  Widow Mine x2  
  139  17:40  Widow Mine  
  139  17:41  Medivac, Marine x4  
  139  17:42  Marauder  
  155  17:44  Marauder  
  155  17:47  Marauder, Marine x4  
  155  17:48  Marauder  
  155  17:51  Missile Turret  
  153  17:53  Missile Turret  
  153  17:56  Missile Turret  
  153  17:59  Marine x3  
  153  18:00  Widow Mine x2  
  153  18:02  Medivac x2  
  153  18:03  Marauder  
  172  18:14  Orbital Command  
  172  18:17  Liberator  
  177  18:28  Liberator  
  177  18:33  Marine x2  
  177  18:34  Marine x4  
  182  18:36  Marine x2  
  182  18:37  Missile Turret x2  
  182  18:40  Unknown x3, Marauder x3  
  190  18:41  Unknown, Refinery  
  190  18:42  Refinery  
  188  18:48  Liberator  
  188  18:51  Marine x4  
  188  18:52  Unknown  
  188  18:53  Marauder  
  199  19:13  Planetary Fortress  
  199  19:16  Marine  
  200  19:29  Personal Cloaking  
  198  19:31  Unknown  
  198  19:36  Marine x3  
  198  19:37  Marauder  
  200  19:41  Missile Turret  
  200  19:42  Missile Turret x3  
  200  20:04  Unknown  
  200  20:05  Unknown  
  197  20:08  Command Center, Liberator x2  
  197  20:09  Command Center  
  197  20:15  Widow Mine x2  
  164  20:22  Widow Mine  
  164  20:25  Marauder, Marine x8  
  164  20:26  Marauder x2  
  173  20:29  Medivac, Liberator  
  143  20:36  Widow Mine x2  
  143  20:43  Marine x4  
  143  20:45  Marine x2  
  143  20:47  Marauder x4  
  143  20:48  Widow Mine  
  150  20:51  Medivac x2  
  139  20:58  Widow Mine x2  
  139  20:59  Liberator  
  139  21:01  Marine x2  
  139  21:03  Marine x2  
  137  21:04  Marine  
  137  21:08  Marauder  
  137  21:09  Marauder  
  132  21:13  Widow Mine  
  122  21:19  Widow Mine x2, Marine  
  122  21:21  Marine  
  118  21:30  Marauder x2  
  112  21:37  Marine  
Tags
 
Add a new tag
Caveats
  • Supply blocks, unpowered buildings, or Contaminate may cause inaccurate times.
  • Supply counts are checked every 10 seconds.